Map: Arctic Flowers LE

Players

Ekelpack - Winner!

  • Race: Zerg Zerg
  • Spawn Location: 1:00

Nyck - Winner!

  • Race: Terran Terran
  • Spawn Location: 1:00

Martin

  • Race: Terran Terran
  • League: Platinum
  • Spawn Location: 7:00

Cgk

  • Race: Zerg Zerg
  • League: Platinum
  • Spawn Location: 7:00

VOD

Have the link to the VOD?

Description

Time

  • Played on: Feb. 25, 2025, 1:54 p.m.
  • Length: 20:14
Show
View Real Time Build Order
Export as new Build Order

Ekelpack Zerg - Winner!

Build Orders: Hatch First 

Get SALT Encoding   

  12  0:00  Drone  
  13  0:13  Overlord  
  13  0:16  Drone  
  14  0:31  Drone x2  
  16  0:37  Drone  
  17  0:53  Hatchery  
  17  0:54  Drone  
  17  1:03  Drone, Extractor  
  17  1:14  Spawning Pool  
  17  1:16  Drone  
  17  1:19  Drone  
  18  1:28  Drone  
  19  1:39  Drone  
  20  2:01  Queen  
  20  2:05  Queen  
  20  2:06  Drone  
  20  2:08  Drone x2  
  27  2:11  Metabolic Boost  
  27  2:18  Overlord  
  27  2:26  Drone  
  28  2:38  Drone x4  
  32  2:46  Lair  
  32  2:49  Zergling x4  
  34  2:55  Zergling x2  
  35  3:01  Extractor  
  35  3:03  Drone, Extractor  
  34  3:06  Zergling x2  
  34  3:11  Zergling x2  
  36  3:13  Overlord  
  36  3:31  Overlord  
  36  3:33  Drone x3  
  39  3:50  Drone x2  
  39  3:51  Drone x2  
  43  4:02  Spire  
  42  4:05  Drone x3  
  42  4:07  Drone  
  42  4:08  Drone x2  
  47  4:20  Extractor  
  46  4:24  Drone x3  
  46  4:29  Overlord x2  
  46  4:30  Overlord  
  49  4:38  Queen  
  51  4:47  Hatchery  
  50  4:55  Zergling x6  
  50  4:56  Zergling x10  
  58  5:00  Zergling x6  
  58  5:03  Overlord  
  61  5:14  Zerg Flyer Weapons Level 1  
  61  5:32  Zergling x2  
  61  5:33  Zergling x12  
  61  5:34  Zergling x4  
  70  6:00  Mutalisk x7  
  70  6:01  Mutalisk  
  86  6:12  Drone x3  
  89  6:19  Drone  
  89  6:21  Overlord x3  
  90  6:33  Extractor  
  90  6:34  Extractor  
  88  6:46  Mutalisk  
  88  6:47  Mutalisk x5  
  84  6:48  Mutalisk  
  97  6:56  Drone  
  97  6:57  Drone x6  
  97  6:58  Drone x2  
  106  7:12  Infestation Pit  
  106  7:22  Drone  
  106  7:23  Drone x4  
  106  7:43  Mutalisk x3  
  110  7:44  Overlord x2  
  110  7:45  Overlord x2  
  106  8:06  Mutalisk x3  
  106  8:07  Overlord x3, Mutalisk  
  114  8:21  Mutalisk x4  
  114  8:22  Overlord x3  
  114  8:25  Zerg Flyer Weapons Level 2, Hive  
  122  8:28  Zergling x12  
  128  8:58  Hatchery  
  127  9:02  Evolution Chamber  
  127  9:04  Zergling x4, Evolution Chamber  
  127  9:05  Zergling x14  
  134  9:11  Extractor  
  134  9:13  Extractor  
  118  9:34  Mutalisk  
  118  9:35  Mutalisk x6  
  118  9:36  Mutalisk  
  130  10:12  Drone x2  
  130  10:13  Drone x6, Queen  
  140  10:19  Zerg Melee Weapons Level 1  
  140  10:20  Zerg Ground Armor Level 1  
  140  10:24  Ultralisk Cavern  
  139  10:28  Adrenal Glands  
  139  10:30  Zergling x8  
  143  10:37  Drone x4  
  147  10:49  Zerg Flyer Weapons Level 3  
  147  10:50  Zergling x4  
  147  10:51  Zergling x8  
  153  10:59  Overlord x2  
  153  11:15  Overlord x2  
  153  11:17  Chitinous Plating  
  151  11:35  Ultralisk x3  
  151  11:36  Ultralisk x2  
  179  12:07  Ultralisk x4  
  199  12:17  Zerg Melee Weapons Level 2  
  199  12:18  Zerg Ground Armor Level 2  
  199  12:36  Anabolic Synthesis  
  189  12:56  Ultralisk x2  
  195  13:09  Zergling x10  
  200  13:19  Pneumatized Carapace  
  188  13:43  Overseer x3  
  188  13:46  Ultralisk x2  
  197  14:31  Zergling x4  
  197  14:36  Zerg Melee Weapons Level 3, Zerg Ground Armor Level 3  
  199  14:43  Overlord x3  
  199  14:55  Greater Spire  
  150  15:26  Ultralisk x7  
  150  15:27  Ultralisk x5  
  159  15:56  Zergling x10, Ultralisk  
  159  15:57  Zergling x12  
  172  15:58  Zergling x14  
  172  15:59  Zergling x12  
  172  16:00  Zergling x10  
  172  16:01  Zergling x4  
  196  16:05  Hatchery, Extractor  
  196  16:08  Extractor  
  193  16:21  Zergling x8  
  193  16:22  Zergling x4  
  147  17:29  Ultralisk x3  
  164  17:30  Zergling x4, Ultralisk x4  
  164  17:31  Zergling x12  
  164  17:32  Zergling x4  
  162  17:44  Ultralisk x3  
  162  17:45  Zergling x2, Ultralisk x2  
  191  18:05  Zergling x2, Ultralisk x2  
  173  18:06  Zergling x4  
  153  18:39  Ultralisk x5  
  153  18:40  Zergling x2, Ultralisk x3  
  200  18:54  Ultralisk  
  200  19:31  Hatchery  
Show
View Real Time Build Order
Export as new Build Order

Nyck Terran - Winner!

Build Orders:  

Get SALT Encoding   

  12  0:00  SCV  
  13  0:12  SCV  
  14  0:19  Supply Depot  
  14  0:24  SCV  
  15  0:41  SCV  
  15  0:42  Barracks  
  16  0:48  Refinery  
  16  0:53  SCV  
  17  1:05  SCV  
  17  1:07  Barracks  
  18  1:18  SCV  
  19  1:30  SCV  
  20  1:34  Refinery  
  20  1:35  Barracks Tech Lab  
  20  1:43  Engineering Bay  
  20  1:44  Orbital Command  
  20  2:06  Combat Shield  
  20  2:12  Barracks Reactor  
  20  2:15  SCV  
  21  2:29  Supply Depot  
  21  2:32  Terran Infantry Armor Level 1  
  21  2:35  SCV  
  22  2:41  Marine  
  23  2:50  Marine x2  
  25  2:53  Supply Depot  
  25  2:55  SCV  
  26  3:04  Barracks  
  26  3:08  SCV, Factory  
  26  3:09  Marine x2  
  26  3:10  Marine  
  30  3:27  Command Center  
  30  3:30  SCV  
  31  3:35  Marine  
  31  3:37  Marine  
  33  3:44  SCV  
  34  3:52  Barracks Reactor  
  34  3:56  SCV  
  34  3:59  Starport  
  35  4:03  Stimpack  
  35  4:05  Marine, Factory Reactor  
  35  4:08  SCV, Marine  
  38  4:21  Supply Depot  
  38  4:26  Terran Infantry Weapons Level 1  
  38  4:29  Marine  
  39  4:34  Supply Depot  
  39  4:39  Marine  
  39  4:40  Orbital Command  
  39  4:43  Refinery  
  39  4:44  SCV  
  41  4:57  Refinery  
  41  5:02  Marine x2  
  41  5:03  Marine x2  
  45  5:09  SCV x2  
  47  5:14  Medivac  
  47  5:18  Medivac  
  51  5:25  Supply Depot  
  45  5:42  Marine x2  
  45  5:43  Marine x3  
  45  5:47  Medivac  
  52  5:52  SCV x2  
  54  6:04  SCV x2  
  56  6:18  Medivac x2  
  56  6:19  Marine x3  
  56  6:20  Marine x2  
  65  6:27  Armory  
  65  6:28  Supply Depot  
  64  7:00  SCV x2  
  66  7:04  Command Center  
  66  7:06  Neosteel Armor  
  66  7:07  Marine x5  
  71  7:15  Engineering Bay  
  71  7:16  SCV  
  71  7:17  SCV  
  71  7:22  Medivac x2  
  77  7:29  SCV x2  
  79  7:30  Refinery  
  79  7:32  Marine  
  79  7:33  Marine x4  
  84  7:49  Hi-Sec Auto Tracking  
  84  7:53  SCV  
  84  7:54  SCV  
  86  8:09  Medivac  
  86  8:10  Supply Depot, Command Center  
  86  8:11  Marine x2  
  90  8:19  Planetary Fortress  
  90  8:25  SCV x2, Marine  
  90  8:26  Marine  
  94  8:27  Marine  
  94  8:30  Medivac  
  97  8:37  SCV x2  
  99  8:41  Marine x2  
  99  8:43  Marine, Medivac  
  99  8:46  Terran Infantry Weapons Level 2  
  99  8:47  Terran Infantry Armor Level 2  
  104  8:49  Terran Vehicle And Ship Armor Level 1  
  104  8:56  Supply Depot  
  104  8:58  SCV x3  
  104  9:02  Refinery  
  107  9:05  Marine x2  
  109  9:10  SCV x3  
  109  9:13  Marine x2  
  109  9:14  Marine  
  109  9:15  Medivac x2  
  119  9:19  Supply Depot  
  119  9:27  Marine x2  
  119  9:30  Starport  
  121  9:33  Barracks  
  121  9:35  SCV x2  
  121  9:36  Marine x3  
  126  9:45  Ghost Academy  
  126  9:48  Planetary Fortress  
  126  9:53  SCV  
  126  9:54  SCV  
  126  9:59  Marine x3  
  131  10:00  Marine  
  132  10:08  Starport Reactor  
  132  10:16  Barracks, Personal Cloaking  
  132  10:23  Barracks Tech Lab  
  132  10:24  Barracks  
  132  10:27  SCV x4  
  136  10:33  Refinery  
  136  10:35  Refinery  
  136  10:44  SCV x3  
  136  10:45  SCV  
  140  10:55  Terran Vehicle And Ship Armor Level 2  
  140  10:58  Medivac  
  140  10:59  Medivac x3  
  140  11:00  Marine x3  
  140  11:01  Marine, Ghost  
  155  11:06  Barracks Tech Lab  
  155  11:09  Barracks  
  155  11:12  Concussive Shells  
  155  11:13  Barracks Tech Lab, Barracks  
  155  11:18  SCV  
  156  11:23  Supply Depot  
  156  11:34  Command Center  
  156  11:44  Ghost  
  156  11:45  SCV x3, Marine x2  
  156  11:46  Supply Depot  
  164  11:48  Terran Infantry Weapons Level 3  
  164  11:50  Terran Infantry Armor Level 3  
  164  11:51  Nuke  
  164  12:07  SCV x3, Marine x2, Ghost  
  172  12:09  Supply Depot  
  172  12:12  Supply Depot  
  172  12:30  SCV x2, Ghost x2  
  172  12:31  Supply Depot  
  172  12:33  Marine x2, Ghost  
  172  12:34  SCV x2  
  172  12:35  Supply Depot  
  187  12:45  Ghost  
  187  12:46  SCV  
  191  12:58  Supply Depot, Ghost  
  191  13:01  Ghost  
  191  13:03  SCV  
  198  13:21  Supply Depot  
  198  13:50  Nuke  
  198  14:08  Terran Vehicle And Ship Armor Level 3  
  198  15:02  Nuke  
  168  16:12  Fusion Core  
  168  16:17  Medivac x4  
  176  16:18  Ghost x3  
  176  16:19  Ghost  
  188  16:45  Terran Ship Weapons Level 1  
  188  16:47  Ghost x4  
  200  17:07  Nuke  
  138  17:49  Ghost x3  
  138  17:50  Ghost  
  137  18:00  Caduceus Reactor  
  137  18:08  Medivac  
  137  18:09  Medivac x3  
  145  18:18  Ghost x4  
  157  18:27  Marine x4  
  158  18:42  Planetary Fortress  
  158  18:46  Ghost x2  
  158  18:47  Barracks Tech Lab, Ghost x2  
  170  18:51  Marine x4  
  174  19:12  Ghost  
  174  19:14  Marine x4  
  174  19:15  Ghost x4  
  193  19:41  Ghost  
  193  19:43  Ghost  
Show
View Real Time Build Order
Export as new Build Order

Martin Terran 

Build Orders: 2 Factory 

Get SALT Encoding   

  12  0:00  SCV  
  13  0:12  SCV  
  14  0:23  Supply Depot  
  14  0:24  SCV  
  15  0:29  Refinery  
  15  0:45  SCV  
  15  0:46  Barracks  
  16  0:57  SCV  
  17  1:09  SCV  
  18  1:21  SCV  
  19  1:34  SCV  
  19  1:37  Marine  
  21  1:40  Bunker  
  21  1:47  Command Center  
  21  1:55  Marine  
  22  2:03  Orbital Command  
  22  2:11  Supply Depot  
  22  2:14  Marine  
  23  2:30  Refinery  
  23  2:32  SCV  
  24  2:39  Supply Depot  
  24  2:42  Marine  
  25  2:53  Factory  
  25  2:59  SCV  
  25  3:00  Marine  
  27  3:07  Factory  
  27  3:11  SCV  
  28  3:22  Engineering Bay  
  28  3:23  SCV  
  29  3:35  SCV  
  29  3:39  Orbital Command  
  30  3:48  SCV  
  31  3:51  Barracks  
  31  3:56  Barracks  
  31  3:58  Factory Tech Lab x2  
  31  4:00  SCV  
  32  4:07  Terran Infantry Weapons Level 1  
  32  4:23  SCV  
  33  4:28  SCV  
  34  4:34  Siege Tank  
  34  4:35  SCV  
  34  4:37  Siege Tank  
  41  4:40  SCV  
  42  4:47  SCV  
  42  4:49  Barracks Tech Lab  
  42  4:51  Barracks Tech Lab  
  42  4:52  SCV  
  44  4:59  SCV  
  45  5:00  Supply Depot  
  45  5:04  SCV  
  46  5:09  Refinery  
  46  5:11  SCV  
  47  5:16  SCV  
  48  5:23  SCV  
  49  5:28  SCV  
  49  5:33  Marine x2, Barracks, Barracks Reactor  
  52  5:35  SCV  
  53  5:45  Engineering Bay  
  53  5:50  SCV x2  
  53  5:51  Marine x2  
  53  5:52  Missile Turret x2  
  57  5:59  Command Center  
  57  6:02  SCV x2  
  59  6:08  Marine, Refinery  
  59  6:09  Marine x2  
  62  6:14  Combat Shield  
  62  6:16  Stimpack  
  62  6:19  Terran Infantry Armor Level 1  
  62  6:24  Neosteel Armor  
  62  6:29  Armory  
  62  6:37  Supply Depot x2  
  62  6:47  Missile Turret  
  62  6:50  Missile Turret  
  62  6:58  Marine x4  
  62  6:59  Supply Depot, SCV x2  
  68  7:04  Missile Turret  
  68  7:11  SCV x2  
  70  7:16  Marine x4  
  70  7:17  Siege Tank x2  
  80  7:23  SCV x2  
  82  7:34  Marine x4  
  86  7:49  Siege Tank, Missile Turret  
  89  7:52  Marine x4  
  81  8:10  Marine x4  
  81  8:13  Terran Infantry Weapons Level 2  
  78  8:27  Marine x4  
  78  8:28  Barracks  
  82  8:45  Marine x4  
  86  9:03  Marine x4  
  90  9:15  Barracks  
  90  9:18  Terran Infantry Armor Level 2  
  90  9:19  Marine  
  90  9:21  Marine x4  
  96  9:38  SCV x2  
  96  9:39  Marine x4  
  96  9:41  Planetary Fortress  
  101  9:45  Missile Turret  
  101  9:52  SCV  
  101  9:55  SCV  
  101  9:56  Marine  
  101  9:57  Marine  
  101  10:04  SCV  
  101  10:10  Missile Turret  
  101  10:18  Command Center  
  101  10:21  Supply Depot  
  101  10:29  Supply Depot  
  101  10:31  Missile Turret  
  101  10:33  Supply Depot  
  101  10:34  Supply Depot x2  
  101  10:38  Barracks Reactor  
  101  10:42  Marine x4, Barracks Reactor  
  101  10:43  SCV x2  
  101  10:44  Supply Depot  
  101  10:48  Barracks Reactor  
  107  10:55  SCV x3  
  110  10:58  Terran Infantry Weapons Level 3  
  110  11:00  Terran Vehicle And Ship Armor Level 1, Marine x4  
  114  11:06  Supply Depot  
  114  11:07  SCV x2  
  114  11:08  SCV, Starport  
  114  11:11  Starport  
  117  11:18  Marine x7  
  119  11:19  SCV x2, Marine  
  119  11:20  SCV, Command Center  
  127  11:31  SCV x2  
  127  11:32  SCV  
  128  11:36  Marine x5  
  128  11:39  Missile Turret  
  133  11:42  Missile Turret  
  133  11:43  SCV x2  
  133  11:46  Starport, Missile Turret  
  135  11:47  SCV  
  135  11:48  Marine  
  135  11:49  Marine x4  
  135  11:53  Marine  
  135  11:54  Marine x4  
  143  11:55  SCV x2  
  143  11:59  SCV  
  143  12:00  Refinery  
  149  12:02  Refinery  
  149  12:06  Marine x4, Missile Turret  
  149  12:07  SCV x2, Marine  
  156  12:09  Terran Infantry Armor Level 3  
  156  12:11  Marine x4  
  156  12:12  Marine  
  161  12:22  SCV  
  162  12:23  SCV  
  162  12:24  Marine x5  
  162  12:27  Missile Turret  
  162  12:29  Marine x4  
  172  12:31  Marine  
  173  12:38  Thor  
  173  12:42  Marine x5  
  181  12:47  Marine x4  
  181  12:49  Marine  
  152  12:59  Marine  
  152  13:00  Marine x4  
  152  13:05  Marine x2, Marauder x2  
  143  13:10  Siege Tank  
  146  13:27  Barracks Tech Lab, Marauder x2  
  146  13:29  Starport Tech Lab x2  
  146  13:30  Starport Tech Lab  
  146  13:33  Barracks Tech Lab  
  146  13:37  Siege Tank  
  149  13:43  Ghost Academy  
  149  14:06  Missile Turret  
  149  14:09  Marauder x4  
  153  14:30  Marauder x2  
  153  14:31  Marauder x2  
  161  14:46  Marine  
  161  14:52  Marauder x4  
  160  15:13  Ghost, Marauder x3  
  132  15:33  Ghost  
  132  15:34  Ghost x2  
  135  15:39  Marine x4  
  135  15:42  Marauder  
  139  15:47  Siege Tank x2  
  145  15:57  Marine x4  
  145  16:03  Marauder x4  
  157  16:11  SCV x3  
  157  16:12  SCV  
  157  16:14  Marine  
  157  16:15  Marine x3  
  165  16:23  SCV x3  
  165  16:24  Siege Tank x2, Marauder x2  
  165  16:25  Marauder x2  
  182  16:32  Marine  
  182  16:33  Marine x3  
  186  16:50  Marine  
  187  17:11  Marine x2  
  187  17:12  Marine x2, Marauder  
  187  17:13  Marauder x2  
  187  17:14  Siege Tank  
  166  17:29  Marine x2  
  139  17:33  Marauder  
  139  17:34  Marauder x2  
  121  17:40  Siege Tank  
  117  17:46  Siege Tank  
  120  17:55  Marauder x2  
  120  17:56  Marauder  
  124  18:02  SCV x3  
  123  18:12  Siege Tank  
  120  18:14  SCV x3  
  120  18:16  Marauder  
  120  18:17  Marauder x2  
  120  18:18  Marine x4  
  127  18:26  SCV x2  
  127  18:27  SCV  
  130  18:35  Marine  
  130  18:36  Marine x3  
  130  18:37  Marauder  
  130  18:38  SCV x2, Marauder  
  130  18:39  SCV  
  127  18:49  Siege Tank x2  
  127  18:50  SCV  
  127  18:51  SCV x2  
  127  18:53  Marine  
  127  18:54  Marine x3  
  127  18:55  Command Center  
  138  18:57  Orbital Command  
  138  18:59  Marauder  
  138  19:00  Marauder  
  143  19:02  SCV  
  143  19:03  SCV x2  
  145  19:11  Marine  
  145  19:12  Marine x3  
  145  19:15  Medivac x3  
  155  19:18  SCV  
  156  19:32  Supply Depot  
  156  19:33  Supply Depot x2  
  156  19:35  Supply Depot  
  156  19:38  Supply Depot  
  156  19:40  SCV x3  
  156  19:42  Siege Tank, Marauder  
  156  19:43  Marauder  
  139  19:52  SCV x2  
  139  19:53  SCV  
Show
View Real Time Build Order
Export as new Build Order

Cgk Zerg 

Build Orders: Hatch First, Lurkers 

Get SALT Encoding   

  12  0:01  Drone  
  13  0:19  Drone  
  14  0:46  Hatchery  
  14  0:49  Drone  
  14  0:58  Spawning Pool  
  14  1:00  Drone  
  14  1:25  Overlord  
  14  1:29  Extractor  
  13  1:44  Drone  
  13  1:47  Drone x2  
  16  1:50  Queen  
  18  2:10  Drone  
  18  2:11  Drone x3  
  18  2:13  Queen  
  24  2:18  Zergling x2  
  25  2:31  Drone x3  
  28  2:42  Overlord  
  28  2:57  Overlord  
  28  3:15  Zergling x2  
  28  3:16  Zergling x8  
  32  3:24  Zergling x2  
  32  3:25  Zergling x4  
  35  3:30  Zergling x4  
  37  3:35  Metabolic Boost  
  37  3:41  Roach Warren  
  36  3:42  Drone x3  
  39  4:11  Zergling x6  
  42  4:21  Drone x2  
  44  4:26  Overlord x2  
  44  4:30  Lair, Evolution Chamber  
  43  4:34  Overlord  
  43  4:35  Drone x2, Extractor  
  44  4:40  Extractor  
  43  4:54  Roach  
  43  4:56  Drone  
  43  4:57  Drone x2  
  48  5:11  Zergling x12  
  54  5:23  Baneling Nest  
  54  5:26  Zergling x8  
  54  5:27  Zergling x2  
  56  5:48  Drone x4  
  60  5:53  Queen  
  60  5:54  Hatchery  
  60  5:55  Glial Reconstitution  
  61  6:00  Drone  
  61  6:01  Drone  
  61  6:02  Hydralisk Den  
  61  6:03  Drone  
  61  6:04  Drone  
  64  6:07  Extractor  
  64  6:08  Drone x2  
  64  6:10  Baneling x2  
  64  6:11  Baneling x4  
  65  6:17  Centrifugal Hooks  
  65  6:29  Overlord x3  
  65  6:31  Zerg Missile Weapons Level 1  
  63  6:45  Spore Crawler  
  48  6:47  Spore Crawler  
  48  6:50  Spore Crawler  
  48  6:52  Spore Crawler  
  39  6:55  Spore Crawler, Drone  
  39  6:56  Drone x5  
  39  6:57  Overlord x2  
  44  7:05  Spore Crawler  
  43  7:09  Spore Crawler x2  
  43  7:10  Drone  
  43  7:11  Drone x2  
  44  7:31  Drone x2, Spore Crawler  
  44  7:33  Queen  
  44  7:35  Hydralisk  
  44  7:36  Hydralisk  
  50  7:47  Spore Crawler  
  49  8:25  Hydralisk x11  
  71  8:40  Drone x5  
  76  8:44  Zerg Missile Weapons Level 2  
  76  8:49  Evolution Chamber  
  76  8:51  Lurker Den  
  74  8:56  Grooved Spines  
  74  9:04  Extractor  
  74  9:07  Extractor  
  62  9:28  Drone x3  
  62  9:39  Drone x2  
  62  9:40  Drone x3  
  62  9:42  Drone  
  62  9:43  Drone x3  
  71  9:50  Drone x8  
  79  10:06  Hatchery  
  78  10:09  Drone x4  
  78  10:10  Drone x2  
  78  10:12  Spore Crawler  
  78  10:13  Drone  
  84  10:14  Spore Crawler  
  84  10:21  Drone x2  
  85  10:22  Queen  
  85  10:25  Overlord  
  87  10:29  Overlord  
  87  10:34  Queen  
  89  10:56  Lurker x2  
  91  10:57  Lurker  
  91  10:58  Lurker  
  91  11:01  Drone x6  
  91  11:02  Drone x4, Hydralisk  
  105  11:04  Overlord x2  
  105  11:14  Hydralisk  
  105  11:17  Hydralisk x3  
  111  11:31  Hydralisk x5  
  111  11:32  Hydralisk x3  
  125  11:37  Muscular Augments  
  127  11:49  Zerg Ground Armor Level 1, Infestation Pit  
  117  11:54  Drone  
  117  11:55  Drone x2  
  119  12:06  Hydralisk  
  119  12:07  Hydralisk x4  
  127  12:15  Drone  
  128  12:17  Overlord x3  
  128  12:18  Overlord  
  128  12:26  Spore Crawler  
  127  12:31  Spore Crawler  
  126  13:04  Hydralisk  
  126  13:05  Hydralisk x12  
  136  13:09  Overlord x3  
  152  13:16  Overlord x2  
  152  13:17  Overlord x3  
  148  13:43  Lurker  
  148  13:44  Lurker x2, Hydralisk x2  
  148  13:45  Hydralisk x6  
  148  13:46  Hydralisk x5  
  177  13:49  Overseer  
  177  13:50  Overseer x2  
  177  14:05  Pneumatized Carapace  
  177  14:06  Hatchery  
  176  14:31  Hydralisk x4  
  176  14:32  Hydralisk x8  
  112  15:32  Hydralisk x5  
  112  15:33  Hydralisk x10  
  82  16:04  Hydralisk x6  
  82  16:12  Lurker  
  82  16:13  Lurker x5  
  88  16:28  Infestation Pit  
  14  18:52  Hatchery  
  13  19:07  Drone  
  13  19:08  Drone x18  
Tags
 
Add a new tag
Caveats
  • Supply blocks, unpowered buildings, or Contaminate may cause inaccurate times.
  • Supply counts are checked every 10 seconds.